 Dungeon Crawl Stone Soup version 0.29-a0-559-g359e09b9d1 (webtiles) character file.

Game seed: 346658622182213453

21 raistware the Digger (level 3, -1/24 HPs)
             Began as a Human Earth Elementalist on June 9, 2022.
             Succumbed to a kobold's poison
             ... on level 1 of the Dungeon.
             The game lasted 00:01:18 (555 turns).

raistware the Digger (Human Earth Elementalist)      Turns: 555, Time: 00:01:19

Health: -1/24      AC:  6    Str:  5 (8)  XL:     3   Next: 2%
Magic:  1/6        EV: 12    Int: 14 (17) God:
Gold:   0          SH:  0    Dex: 10 (13) Spells: 3/6 levels left

rFire   . . .      SeeInvis .   h - +0 short sword
rCold   . . .      Faith    .   (no shield)
rNeg    . . .      Spirit   .   b - +0 robe
rPois   .          Reflect  .   (helmet restricted)
rElec   .          Harm     .   (no cloak)
rCorr   .          Rampage  .   (no gloves)
Will    .....                   (no boots)
Stlth   ++........              (no amulet)
HPRegen 0.08/turn               d - +4 ring of protection
MPRegen 0.10/turn               (no ring)

@: lethally poisoned (-1 -> -17)
A: horns 1, wild magic 1
a: no special abilities


You were on level 1 of the Dungeon.
You visited 1 branch of the dungeon, and saw 1 of its levels.

Inventory:

Hand Weapons
 h - a +0 short sword (weapon)
Missiles
 a - 51 stones
Armour
 b - a +0 robe (worn)
Jewellery
 d - a +4 ring of protection (left hand)
Scrolls
 e - a scroll of vulnerability {unknown}
Potions
 c - a potion of magic


   Skills:
 - Level 2.0 Dodging
 - Level 2.0 Stealth
 * Level 2.4 Spellcasting
 + Level 1.4 Transmutations
 * Level 3.4 Earth Magic


You had 3 spell levels left.
You knew the following spells:

 Your Spells              Type           Power      Damage    Failure   Level
a - Sandblast             Erth           28%        2d8       9%          1
b - Passwall              Tmut/Erth      9%         N/A       19%         2

Your spell library contained the following spells:

 Spells                   Type           Power      Damage    Failure   Level
 Stone Arrow              Conj/Erth      16%        3d8       43%         3
 Petrify                  Tmut/Erth      11%        N/A       71%         4


Dungeon Overview and Level Annotations

Branches:
Dungeon (1/15)

Altars:


Innate Abilities, Weirdness & Mutations

You have a pair of small horns on your head.
Your spells are a little harder to cast, but a little more powerful.


Message History

You kill the goblin!
You have reached level 3!
Your experience leads to an increase in your attributes!
Increase (S)trength, (I)ntelligence, or (D)exterity?
You feel clever. x2
Your magical contamination has completely faded away.
A kobold comes into view. It is wielding a +2 dagger of venom.
The kobold shouts!
You barely miss the kobold.
The kobold hits you with a +2 dagger of venom.
You are poisoned.
You barely miss the kobold.
You feel sick. The kobold hits you but does no damage.
You are more poisoned.
You completely miss the kobold.
You feel very sick. The kobold hits you but does no damage.
You are lethally poisoned!
You completely miss the kobold.
You feel very sick.
The kobold hits you with a +2 dagger of venom.
You are more poisoned.
You are too injured to fight recklessly!
Casting: Sandblast (safe; 4% risk of failure)
Confirm with . or Enter, or press ? or * to list all spells.
Aiming: Sandblast (safe; 4% risk of failure)
Press: ? - help, Shift-Dir - straight line, f - kobold
Aim: a kobold, wielding a +2 dagger of venom (74% to hit)
The blast of sand hits the kobold.
You kill the kobold!
* * * LOW HITPOINT WARNING * * *
You feel very sick.
It was a potion of mutation.
You feel extremely strange. A pair of horns grows on your head!
You feel less in control of your magic.
* * * LOW HITPOINT WARNING * * *
You feel very sick.
It was a potion of degeneration.
There was something very wrong with that liquid.
You feel weakened.
You feel dopey.
You feel clumsy.
You die...

######## ........
######## ## ### ##
### .#######.. . ..#
.........# #.#.#
.#######.#
#.#†####### ## #.#
#.)@)...... # #.#
#####.######.
########.# #.....#
.......#.# #.#####
.###.....###.#######
.# #.#.#.....)......
.# #.#.#..##.#######
.###.#.#..##.#
...........#.#


There were no monsters in sight!

Vanquished Creatures
  2 dart slugs (D:1)
  A goblin (D:1)
  3 hobgoblins (D:1)
  3 kobolds (D:1)
  3 quokkas (D:1)
  A ball python (D:1)
  A frilled lizard (D:1)
  2 rats (D:1)
16 creatures vanquished.

Notes
Turn   | Place    | Note
-------+----------+-------------------------------------------
     0 | D:1      | raistware the Human Earth Elementalist began the quest for
                  | the Orb.
     0 | D:1      | Reached XP level 1. HP: 13/13 MP: 3/3
   151 | D:1      | Reached XP level 2. HP: 19/19 MP: 0/5
   154 | D:1      | Learned a level 2 spell: Passwall
   532 | D:1      | Reached XP level 3. HP: 24/24 MP: 0/6
   554 | D:1      | Gained mutation: You have a pair of small horns on your
                  | head. [potion of mutation]
   554 | D:1      | Gained mutation: Your spells are a little harder to cast,
                  | but a little more powerful. [potion of mutation]
   555 | D:1      | Succumbed to a kobold's poison

Illustrated notes

Levels and vault maps discovered:
D:1:      dpeg_arrival_ratfight, layout_loops_ring, serial_bayou_lake_a

Action                   || total
-------------------------++-------
Melee: Short sword       ||     8
       Unarmed           ||     1
 Cast: Sandblast         ||    23
  Use: Potion            ||     2
Armor: Robe              ||     3
Dodge: Dodged            ||    14

Table legend: (Time is in decaauts)
 A = Elapsed time spent in this place.
 B = Non-inter-level travel time spent in this place.
 C = Inter-level travel time spent in this place.
 D = Time resting spent in this place.
 E = Time spent auto-exploring this place.
 F = Levels seen in this place.
 G = Mean time per level.
                   A        B        C        D        E       F      G
               +--------+--------+--------+--------+--------+-----+--------+
         Total |    554 |    541 |     13 |      0 |    442 |   1 |  554.0 |
       Dungeon |    554 |    541 |     13 |      0 |    442 |   1 |  554.0 |
               +--------+--------+--------+--------+--------+-----+--------+

Top non-repeatable levels by time:
     D:1: 554 daAuts
